 BcadrenCrawl: Boulder Brew version 0.03.2.1-32-g00f802a9a0 (webtiles) character file.

Game seed: 399172154357355943, levelgen mode: deterministic

199 esc the Vandal (level 5, -2/48 HPs) Ogre Noble. Began on Jan 21, 2021. Slain by a kobold ... wielding a +0 short sword ... led by a big kobold (3 damage) ... on level 2 of the Dungeon. The game lasted 00:08:26 (969 turns).

esc the Vandal (Ogre Noble)                          Turns: 969, Time: 00:08:27

Health: -2/48      AC:  3    Str: 14    XL:     5 ^: 34
Magic:  6/6        EV: 10    Int: 11    God:
Gold:   133        SH:  0    Dex: 18    Spells: 6/6 levels left

rFire    . . .     Vision   .   c - +2 mangonel
rCold    . . .     Gourm    .   (also wielding the above weapon)
rNeg     . . .     Faith    .   a - +0 robe
rPois    .         Spirit   .   e - +0 hat {MR+}
rElec    .         Reflect  .   (no cloak)
rCorr    .         Harm     .   (gloves unavailable)
MR       +....                  (boots unavailable)
Stlth    +++.......             (no amulet)
HPRegen  0.26/turn              (no ring)
MPRegen  0.16/turn              (no ring)

@: agile, very slightly contaminated, invisible
A: large, unfitting armour, tough skin 1
a: no special abilities


You were on level 2 of the Dungeon.
You were not hungry.

You visited 1 branch of the dungeon, and saw 2 of its levels.
You also visited: Market.

You collected 93 gold pieces.
You spent 960 gold pieces at shops.

Inventory:

Weapons
 c - a +2 mangonel (weapon)
Armour
 a - a +0 robe (worn)
 e - a +0 hat of magic resistance (worn)
Jewellery
 i - an uncursed amulet of faith
Potions
 h - a potion of invisibility
Comestibles
 b - 2 rations
 f - 3 chunks of flesh


   Skills:
 - Level 1.3 Fighting
 + Level 5.3 Slings
 - Level 0.6 Stealth
 - Level 1.2 Spellcasting


You had 6 spell levels left.
You didn't know any spells.
Your spell library was empty.

Dungeon Overview and Level Annotations

Branches:
Dungeon (2/8)

Altars:


Innate Abilities, Weirdness & Mutations

You are too large for most types of armour.
You have tough skin. (AC +1)


Message History

The kobold is heavily wounded. (2/4) HP The explosion of boulder fragments engulfs the sewer rat but does no damage (0).
The sewer rat is lightly wounded. (9/11) HP The explosion of boulder fragments engulfs the sewer rat but does no damage (0).
The sewer rat is healthy. (10/10) HP The explosion of boulder fragments engulfs the sewer rat but does no damage (0).
The sewer rat is healthy. (12/12) HP The explosion of boulder fragments engulfs the cinder newt but does no damage (0).
The cinder newt is heavily wounded. (6/12) HP The explosion of boulder fragments engulfs the sewer rat (4).
The sewer rat is heavily wounded. (5/11) HP The explosion of boulder fragments engulfs you (3).
* * * LOW HITPOINT WARNING * * *
The explosion of boulder fragments engulfs the kobold (3).
You kill the kobold!
The explosion of boulder fragments engulfs the sewer rat but does no damage (0).
The sewer rat is lightly wounded. (9/10) HP The cinder newt barely misses you (0).
The sewer rat barely misses you (0). x2
The kobold hits you with a +0 short sword (3).
You die...

≈§≈ ≈....≈≈≈ .≈.
.K≈≈.PP.. #.K# #≈≈≈≈P..≈
##... #≈≈≈≈PP# .##≈..l
#Ks≈P≈.######
≈......###≈≈≈≈..##..≈##
......rr†K≈≈≈≈≈.##..≈.#.
.....lrKl#≈≈≈≈≈.#≈≈..P≈.
..#..r@r#≈≈≈≈≈.#≈..P##.
#≈.r###≈≈≈...........
#### #...!≈.#.......
#.≈≈≈≈..>##.##.
#≈≈≈≈≈≈#.##+# .
#P≈≈≈..≈..+ ##.PP.≈.####
# .≈....PP.####.#
≈..≈≈≈P≈P.≈.≈..#


You could see a big kobold (wandering), 2 cinder newts, 6 sewer rats, a leopard
gecko (wandering), a giant cockroach (wandering) and 3 kobolds.

Vanquished Creatures
  A jelly (D:2)
  4 giant cockroaches
  An adder (D:2)
  A sewer rat (D:2)
  4 cinder newts (D:1)
  4 oozes
  3 dart slugs (D:1)
  4 leopard geckos (D:1)
  3 ball pythons
  7 hobgoblins (D:1)
  5 bats (D:1)
  2 bat skeletons (D:2)
  3 goblins (D:1)
  A goblin skeleton (D:2)
  11 kobolds
  7 rats (D:1)
61 creatures vanquished.

Vanquished Creatures (others)
  A giant cockroach (D:2)
  A ball python (D:2)
  63 withered plants (D:2)
65 creatures vanquished.

Grand Total: 126 creatures vanquished

Notes
Turn   | Place    | Note
-------+----------+-------------------------------------------
     0 | Start Ma | esc the Ogre Noble began the quest for the Orb.
     0 | Start Ma | Reached XP level 1. HP: 19/19 MP: 2/2
     0 | Start Ma | Found Wokijuh's Expert Tomes.
     0 | Start Ma | Found Tiduog's Auxillary Armour.
     4 | Start Ma | Bought a +0 mangonel for 500 gold pieces
     9 | Start Ma | Found Usioxink's Mashing MeleeMart.
    25 | Start Ma | Bought 2 scrolls of enchantment for 240 gold pieces
    30 | Start Ma | Bought a +0 hat of magic resistance for 220 gold pieces
    46 | D:1      | esc set off with the following items: a +0 robe, a ration,
                  | a +2 mangonel, a +0 hat of magic resistance
    88 | D:1      | Reached skill level 1 in Slings
    91 | D:1      | Reached XP level 2. HP: 27/27 MP: 3/3
    92 | D:1      | Reached skill level 2 in Slings
   116 | D:1      | Reached XP level 3. HP: 24/33 MP: 4/4
   208 | D:1      | Reached skill level 3 in Slings
   241 | D:1      | Reached XP level 4. HP: 36/41 MP: 5/5
   302 | D:1      | Reached skill level 4 in Slings
   407 | D:1      | Reached XP level 5. HP: 48/48 MP: 6/6
   949 | D:2      | Reached skill level 5 in Slings
   954 | D:2      | Identified the cursed ring "Ynkoitaz" {rC+ rN+ Int+4,
                  | (Curse: Fragile)}
   969 | D:2      | HP: 1/48 [shot self (3)]
   969 | D:2      | Slain by a kobold

Levels and vault maps discovered:
D:1:      minmay_arrival_wavy_path, layout_basic, gup_sewer_entry_bowl
D:2:      layout_sewer, kennysheep_mini_moat, sewer_frog_pond, first_ration,
          uniq_eustachio

Skill      XL: |  1  2  3  4  5 |
---------------+----------------+-----
Slings         | 1 2 3 4 5 |  5.3
Fighting       | |  1.3
Stealth        | |  0.6
Spellcasting   | |  1.2

Action                   |  1- 3 |  4- 6 || total
-------------------------+-------+-------++-------
 Fire: Mangonel          |    38 |    49 ||    87
  Use: Scroll            |     2 |       ||     2
       Potion            |       |     3 ||     3
Armor: Robe              |     2 |    25 ||    27
Dodge: Dodged            |     1 |    46 ||    47
